 Dungeon Crawl Stone Soup version 0.28.0 (webtiles) character file.

Game seed: 7142645913815664139

653 HallandMoats the Sneak (level 7, 0/49 HPs)
             Began as an Octopode Monk on Feb 7, 2022.
             Was a Priest of Okawaru.
             Slain by a gnoll (10 damage)
             ... on level 3 of the Dungeon.
             The game lasted 00:06:34 (5039 turns).

HallandMoats the Sneak (Octopode Monk)              Turns: 5039, Time: 00:06:34

Health: 0/49       AC:  1    Str: 12    XL:     7   Next: 54%
Magic:  9/9        EV: 15    Int: 12    God:    Okawaru [***...]
Gold:   139        SH:  0    Dex: 15    Spells: 6/6 levels left

rFire   . . .      SeeInvis .     - Unarmed
rCold   . . .      Faith    .   (no shield)
rNeg    . . .      Spirit   .   (helmet restricted)
rPois   .          Reflect  .   (no amulet)
rElec   .          Harm     .   (no ring)
rCorr   .          Rampage  .   (no ring)
Will    .....                   (no ring)
Stlth   ++++......              (no ring)
HPRegen 0.16/turn               (no ring)
MPRegen 0.11/turn               (no ring)
                                (no ring)
                                (no ring)

@: no status effects
A: almost no armour, amphibious, 8 rings, camouflage 1, gelatinous body 1,
(nimble swimmer 1), tentacles
a: Renounce Religion, Heroism


You were on level 3 of the Dungeon.
You worshipped Okawaru.
Okawaru was most pleased with you.
You visited 1 branch of the dungeon, and saw 3 of its levels.
You also visited: Sewer.

You collected 139 gold pieces.

Inventory:

Jewellery
 j - an amulet of the acrobat
 r - an amulet of reflection
Scrolls
 b - a scroll of immolation {unknown}
 c - 4 scrolls of teleportation {unknown}
 e - 2 scrolls of blinking {unknown}
 g - a scroll of noise {unknown}
 h - 3 scrolls of identify {unknown}
 k - a scroll of vulnerability {unknown}
 q - 2 scrolls of acquirement {unknown}
 u - a scroll of fear {unknown}
Potions
 a - a potion of curing
 d - 3 potions of cancellation {unknown}
 f - a potion of might {unknown}
 i - a potion of attraction {unknown}
 l - a potion of magic {unknown}
 m - 3 potions of mutation {unknown}
 n - a potion of flight {unknown}
 o - a potion of heal wounds {unknown}
 p - a potion of invisibility {unknown}
 s - a potion of degeneration {unknown}
 t - a potion of resistance {unknown}


   Skills:
 + Level 4.6 Fighting
 + Level 4.6 Dodging
 + Level 5.6 Stealth
 + Level 4.6 Unarmed Combat
 + Level 3.5 Invocations


You had 6 spell levels left.
You didn't know any spells.
Your spell library was empty.

Dungeon Overview and Level Annotations

Branches:
Dungeon (3/15)              Sewer (visited)

Altars:
Okawaru
Yredelemnul

Annotations:
D:3 1 transporter


Innate Abilities, Weirdness & Mutations

You cannot wear most types of armour.
You are amphibious.
You can wear up to eight rings at the same time.
Your skin changes colour to match your surroundings (Stealth+).
Your rubbery body absorbs attacks. (AC +1, EV +1)
((You are camouflaged when in or above water. (Stealth+)))
You have tentacles for arms and can constrict up to eight enemies at once.


Message History

Hildebrand's ghost hits you!
You bludgeon Hildebrand's ghost! You squeeze Hildebrand's ghost.
Hildebrand's ghost is severely damaged.
You feel like a meek peon again. Hildebrand's ghost closely misses you.
You tentacle-slap Hildebrand's ghost.
You tentacle-slap Hildebrand's ghost, but do no damage.
Your squeeze misses Hildebrand's ghost.
Hildebrand's ghost is severely damaged.
Hildebrand's ghost hits you!
* * * LOW HITPOINT WARNING * * *
You tentacle-slap Hildebrand's ghost but do no damage.
You tentacle-slap Hildebrand's ghost, but do no damage.
Hildebrand's ghost is severely damaged.
Hildebrand's ghost hits you.
* * * LOW HITPOINT WARNING * * *
The gnoll barely misses you.
You tentacle-slap Hildebrand's ghost. You squeeze Hildebrand's ghost.
Hildebrand's ghost is almost destroyed.
Hildebrand's ghost misses you. The gnoll misses you.
You tentacle-slap Hildebrand's ghost. Your squeeze misses Hildebrand's ghost.
Hildebrand's ghost is almost destroyed.
Hildebrand's ghost hits you.
* * * LOW HITPOINT WARNING * * *
The gnoll completely misses you.
It was a potion of curing.
You feel better. Hildebrand's ghost misses you.
The gnoll hits you from afar with a +2 spear of venom!
* * * LOW HITPOINT WARNING * * *
You tentacle-slap Hildebrand's ghost but do no damage.
You squeeze Hildebrand's ghost.
You destroy Hildebrand's ghost!
Okawaru accepts your kill.
You feel your dexterity returning.
The gnoll hits you from afar with a +2 spear of venom!
* * * LOW HITPOINT WARNING * * *
You are lethally poisoned!
Okay, then.
You feel better.
The gnoll hits you from afar with a +2 spear of venom!
You die...

......#.......#.#.......#.##+#...
......#..........####+#....#.#...
...........................#.#...
.≈≈≈≈≈≈≈≈≈≈≈≈≈≈≈≈≈≈≈≈≈≈≈≈≈...#...
.≈≈≈≈≈≈≈≈≈≈≈≈≈≈≈≈≈≈≈≈≈≈≈≈≈..(#...
.≈≈#####...........#####≈≈...#...
.≈≈#g8.#.###.©.###.#.8.#≈≈..>#...
.≈≈#...###.#####.###...#≈≈.#.#...
.≈≈###.. :......@.gg.###≈≈.......
.≈≈.8#.# ####'######g#8.≈≈.#.####
.≈≈.##.#$.=#8..#.⌠.#)##.≈≈.#.####
.≈≈.#g.'$.:#⌠g.....g..#.≈≈.......
.≈≈.##.#$.$#8..#.⌠.#.##.≈≈..#####
.≈≈.8#.######'######.#8.≈≈..#
.≈≈###.....g.........###≈≈..#
.≈≈#.g.###.#####©###...#≈≈..#
.≈≈#.8.#.###.©.###.#.8.#≈≈..#


You could see 3 gnolls.

Vanquished Creatures
  Grinder (Sewer)
  The ghost of Hildebrand the Skirmisher, an amateur MiBe of Trog (D:3)
  A kobold brigand (Sewer)
  2 quasits (Sewer)
  A gnoll shaman (D:3)
  Jessica (D:2)
  3 gnolls
  5 adders
  4 shadow imps (Sewer)
  3 ufetubi (Sewer)
  2 worms
  A bat zombie (Sewer)
  5 endoplasms
  7 giant cockroaches
  4 goblins (D:1)
  4 hobgoblins
  4 jackals
  16 kobolds
  4 quokkas
  A ball python (D:1)
  6 bats
  2 frilled lizards
  3 kobold zombies (Sewer)
  5 rats
86 creatures vanquished.

Vanquished Creatures (others)
  6 plants (D:3)
6 creatures vanquished.

Grand Total: 92 creatures vanquished

Notes
Turn   | Place    | Note
-------+----------+-------------------------------------------
     0 | D:1      | HallandMoats the Octopode Monk began the quest for the Orb.
     0 | D:1      | Reached XP level 1. HP: 16/16 MP: 1/1
    29 | D:1      | Found a faded altar of an unknown god.
    35 | D:1      | Prayed at the altar of an unknown god.
    35 | D:1      | Became a worshipper of Warmaster Okawaru
    35 | D:1      | Reached * piety under Okawaru
    35 | D:1      | Reached ** piety under Okawaru
    67 | D:1      | Reached skill level 3 in Stealth
    67 | D:1      | Reached XP level 2. HP: 10/21 MP: 2/2
   478 | D:1      | Reached XP level 3. HP: 26/26 MP: 3/3
  1100 | D:2      | Reached skill level 1 in Invocations
  1324 | D:2      | Noticed Jessica
  1328 | D:2      | Killed Jessica
  1328 | D:2      | Reached *** piety under Okawaru
  1329 | D:2      | Reached XP level 4. HP: 16/31 MP: 3/5
  1915 | D:2      | Found a basalt altar of Yredelemnul.
  2737 | D:3      | Found a glowing drain.
  2741 | Sewer    | Entered a sewer
  2762 | Sewer    | Reached XP level 5. HP: 24/36 MP: 6/6
  2934 | Sewer    | Reached skill level 4 in Stealth
  3062 | Sewer    | Found a burning altar of Makhleb.
  3120 | Sewer    | Noticed Grinder
  3330 | Sewer    | Killed Grinder
  3331 | Sewer    | Reached XP level 6. HP: 17/43 MP: 6/8
  3332 | Sewer    | HP: 1/43 [ufetubus (3)]
  3785 | Sewer    | Reached skill level 5 in Stealth
  3785 | Sewer    | Reached XP level 7. HP: 36/49 MP: 9/9
  4255 | D:3      | Found a transporter.
  4258 | D:3      | Found a transporter.
  4264 | D:3      | Noticed Hildebrand's ghost (amateur MiBe)
  5034 | D:3      | Killed Hildebrand's ghost
  5039 | D:3      | Slain by a gnoll

Illustrated notes

Levels and vault maps discovered:
D:1:      giann_horns, layout_basic, shapermc_ecumenical_altar_petra,
          chequers_decorated_corner
D:2:      layout_basic, basic_altar, cheibrodos_gnoll_hut, uniq_jessica
D:3:      layout_basic, gup_sewer_entry_spiral, gammafunk_ghost_gnarly_gnolls,
          kennysheep_generic_room_14

Skill      XL: |  1  2  3  4  5  6 |
---------------+-------------------+-----
Stealth        | 3 4 5 |  5.6
Invocations    | 1 2 3 |  3.5
Fighting       | 4 |  4.6
Dodging        | 4 |  4.6
Unarmed Combat | 4 |  4.6

Action                   |  1- 3 |  4- 6 |  7- 9 || total
-------------------------+-------+-------+-------++-------
Melee: Unarmed           |    45 |   102 |    54 ||   201
       Constrict         |     9 |    21 |    12 ||    42
       Tentacles         |     6 |    20 |    13 ||    39
       Punch             |     1 |     5 |     4 ||    10
Invok: Heroism           |       |     2 |     1 ||     3
  Use: Potion            |       |       |     2 ||     2
 Stab: Sleeping          |     3 |    15 |     4 ||    22
Armor: Skin              |     8 |     5 |     9 ||    22
Dodge: Dodged            |    25 |    65 |    48 ||   138
